AoeStats
← Corsica

African Clearing

510452343Analyzed
4v4 RM · 12h ago on Oct 1, 2026· 34m 12s· 8 players
Game mode
Random Map
Map size
Large (8 player)
Population
200
Speed
Normal
Resources
Standard
Victory
Conquest
Starting age
Dark Age
Ending age
Imperial Age
RankedLock teamsTeams togetherTeam positionsShared explorationLock speedFull tech treeHidden civsTurbo modeCheats
Victory
Defeat
🇪🇨 Saxons · Ecuador
1379
+14
🇨🇦 Shu · Canada
1375
+14
🇨🇴 Malians · Colombia
1374
+14
🇺🇸 Aztecs · United States
1211
+20
🇺🇸 Poles · United States
1370
-17
🇮🇳 Danes · India
1361
-17
1303
-15
🇨🇴 Huns · Colombia
1261
-13
慢工出烂活 欲速则一坨
12:00 Loom
14:06 Feudal Age
14:51 Town Watch
17:43 Castle Age
18:42 Double-Bit Axe
18:40 Horse Collar
Monty
12:27 Feudal Age
17:02 Castle Age
15:22 Double-Bit Axe
17:36 Bloodlines
17:34 Loom
18:24 Wheelbarrow
18:18 Scale Barding Armor
24:02 Horse Collar
24:33 Bow Saw
26:50 Heavy Plow
27:35 Husbandry
29:01 Chain Barding Armor
31:01 Szlachta Privileges
32:22 Forging
34:25 Iron Casting
HighEloREdiots
5:24 Loom
13:47 Feudal Age
18:22 Castle Age
24:29 Double-Bit Axe
25:40 Bow Saw
26:38 Horse Collar
30:19 Heavy Plow
30:56 Wheelbarrow
[IMGG]Poncho
5:25 Loom
12:09 Feudal Age
13:06 Double-Bit Axe
17:18 Town Watch
17:50 Fletching
19:37 Padded Archer Armor
24:55 Castle Age
23:15 Gold Mining
25:04 Crossbowman
25:40 Bodkin Arrow
27:02 Leather Archer Armor
27:56 Husbandry
29:10 Bloodlines
34:07 Wheelbarrow
BittenDork
3:26 Loom
16:14 Feudal Age
21:08 Castle Age
20:17 Forging
20:41 Scale Mail Armor
23:31 Elite Skirmisher
24:41 Double-Bit Axe
25:55 Eagle Warrior
30:13 Fletching
32:09 Bodkin Arrow
32:52 Padded Archer Armor
Corsica
3:31 Loom
12:54 Feudal Age
13:47 Double-Bit Axe
13:33 Man-at-Arms
16:52 Horse Collar
20:57 Wheelbarrow
23:37 Castle Age
24:41 Bow Saw
24:28 Crossbowman
24:59 Fletching
27:19 Gold Mining
27:42 Heavy Plow
28:16 Town Watch
29:18 Hand Cart
32:08 Bodkin Arrow
33:15 Thumb Ring
33:33 Padded Archer Armor
34:06 Ballistics
NevetsCas
3:24 Loom
12:58 Feudal Age
13:37 Double-Bit Axe
13:21 Man-at-Arms
14:51 Horse Collar
18:33 Forging
19:27 Arson
22:48 Castle Age
22:51 Bloodlines
25:29 Iron Casting
24:51 Gold Mining
27:59 Bow Saw
28:34 Scale Barding Armor
28:20 Town Watch
29:10 Husbandry
31:54 Wheelbarrow
32:51 Chain Barding Armor
AdrianJPG
12:18 Feudal Age
12:35 Man-at-Arms
17:10 Loom
20:49 Castle Age
20:39 Double-Bit Axe
23:51 Bow Saw
28:30 Scale Mail Armor
29:18 Horse Collar
31:55 Wheelbarrow
32:49 Stone Mining
34:58 Hand Cart
34:30 Town Watch
Connection lost

Rejoining the realm…

Still unreachable

The connection could not be restored.

Session expired

The server has moved on; the page needs a fresh start.